Map: Blackburn LE

Players

Astrea

  • Race: Protoss Protoss

Scarlett - Winner!

  • Race: Zerg Zerg

Event: DreamHack SC2 Masters 2021 Winter

VOD

Have the link to the VOD?

Description

Time

  • Played on: Oct. 16, 2021, 4:55 p.m.
  • Length: 10:53

All games in this series

Show
View Real Time Build Order
Export as new Build Order

Astrea Protoss 

Build Orders: Nexus First, Phoenix Opening, Mass Adepts 

Get SALT Encoding   

  12  0:00  Probe  
  13  0:12  Probe  
  14  0:17  Pylon  
  14  0:24  Probe  
  15  0:36  Probe  
  16  0:48  Probe  
  17  0:59  Nexus  
  17  1:10  Gateway  
  17  1:13  Probe (Chrono Boost)  
  17  1:17  Assimilator  
  18  1:23  Probe (Chrono Boost)  
  18  1:25  Assimilator  
  19  1:28  Probe (Chrono Boost)  
  20  1:40  Probe  
  20  1:42  Gateway  
  21  1:52  Probe  
  22  1:58  Cybernetics Core  
  22  2:04  Probe  
  23  2:12  Pylon  
  23  2:14  Probe  
  24  2:16  Probe  
  25  2:26  Probe  
  25  2:28  Probe  
  27  2:32  Adept x2 (Chrono Boost)  
  27  2:34  Warp Gate (Chrono Boost)  
  31  2:38  Probe  
  31  2:42  Shield Battery  
  32  2:44  Probe  
  32  2:50  Probe  
  34  2:54  Adept, Sentry  
  34  2:57  Probe  
  39  3:03  Probe, Pylon  
  40  3:09  Probe  
  41  3:15  Probe  
  41  3:17  Gateway  
  42  3:21  Probe  
  42  3:22  Gateway  
  42  3:24  Adept  
  42  3:25  Adept  
  48  3:27  Probe  
  48  3:32  Phoenix  
  48  3:33  Probe  
  49  3:38  Pylon  
  49  3:39  Probe  
  50  3:45  Probe  
  50  3:46  Pylon  
  51  3:51  Probe  
  52  4:01  Probe  
  53  4:03  Nexus, Probe  
  53  4:08  Adept x2  
  58  4:10  Assimilator  
  58  4:12  Adept  
  58  4:14  Pylon  
  58  4:15  Probe  
  61  4:18  Probe  
  61  4:19  Adept  
  61  4:20  Assimilator  
  64  4:27  Probe  
  65  4:32  Adept x3  
  65  4:34  Probe  
  72  4:39  Twilight Council, Probe  
  72  4:40  Forge  
  72  4:44  Adept  
  75  4:46  Probe  
  75  4:51  Pylon  
  75  4:52  Probe  
  77  4:58  Probe  
  78  5:09  Probe  
  78  5:10  Phoenix  
  78  5:11  Blink (Chrono Boost)  
  80  5:17  Dark Shrine  
  79  5:23  Stalker x4  
  79  5:27  Photon Cannon  
  79  5:33  Shield Battery  
  79  5:39  Photon Cannon  
  79  5:41  Photon Cannon  
  79  5:49  Stalker x4  
  87  5:51  Protoss Ground Weapons Level 1 (Chrono Boost)  
  87  5:55  Pylon  
  87  5:58  Photon Cannon  
  87  6:21  Stalker x4  
  91  6:34  Shield Battery  
  91  6:41  Photon Cannon  
  91  6:44  Dark Templar x2  
  93  6:50  Probe  
  93  6:51  Probe  
  93  6:52  Probe  
  96  7:03  Probe  
  96  7:04  Probe  
  96  7:05  Pylon  
  96  7:06  Pylon  
  98  7:10  Stalker x2  
  93  7:23  Stalker x2  
  93  7:26  Probe  
  82  7:42  Stalker x2  
  82  7:49  Stalker x2  
  83  7:54  Assimilator x2  
  83  7:55  Pylon  
  80  8:02  Protoss Ground Weapons Level 2 (Chrono Boost)  
  80  8:06  Stalker  
  82  8:17  Stalker  
  82  8:18  Stalker  
  84  8:27  Pylon  
  84  8:28  Pylon  
  84  8:37  Stalker  
  86  8:41  Gateway  
  86  8:42  Gateway  
  86  8:43  Stalker x2  
  90  8:50  Robotics Facility  
  90  8:53  Pylon  
  90  9:00  Nexus  
  90  9:01  Pylon  
  88  9:07  Dark Templar  
  90  9:14  Dark Templar  
  92  9:20  Shield Battery  
  92  9:24  Probe x2  
  94  9:25  Pylon  
  92  9:36  Probe  
  93  9:44  Probe  
  86  9:48  Probe  
  83  9:56  Probe  
  84  10:00  Stalker x4, Probe  
  84  10:04  Observer (Chrono Boost)  
  94  10:09  Probe  
  94  10:11  Assimilator  
  94  10:12  Robotics Bay, Probe  
  96  10:16  Assimilator, Probe  
  96  10:17  Observer (Chrono Boost)  
  96  10:21  Probe  
  99  10:24  Photon Cannon, Probe  
  99  10:25  Stalker x2  
  104  10:28  Stalker, Probe  
  105  10:41  Dark Templar  
Show
View Real Time Build Order
Export as new Build Order

Scarlett Zerg - Winner!

Build Orders: Hatch First 

Get SALT Encoding   

  12  0:00  Drone  
  13  0:12  Overlord  
  13  0:16  Drone  
  14  0:30  Drone x2  
  16  0:48  Hatchery  
  15  0:51  Drone  
  15  0:54  Drone  
  17  0:58  Drone  
  18  1:08  Extractor  
  17  1:13  Spawning Pool  
  17  1:16  Drone  
  17  1:20  Drone  
  18  1:27  Drone  
  19  1:38  Drone  
  20  1:49  Drone  
  21  1:59  Queen  
  21  2:00  Zergling x2, Queen, Overlord  
  26  2:11  Metabolic Boost  
  26  2:13  Overlord  
  26  2:16  Drone  
  27  2:23  Drone x2  
  29  2:33  Drone x2  
  31  2:44  Hatchery  
  31  2:48  Queen  
  32  2:52  Zergling x2  
  32  2:53  Zergling x2  
  34  2:59  Zergling x2  
  35  3:08  Drone x5  
  35  3:11  Overlord  
  40  3:26  Overlord  
  40  3:28  Drone  
  40  3:29  Drone x2  
  43  3:38  Queen  
  43  3:40  Drone, Spore Crawler  
  45  3:45  Drone x4  
  48  3:56  Drone  
  48  3:57  Drone x2  
  48  4:00  Queen  
  48  4:01  Queen  
  48  4:02  Drone x3  
  58  4:07  Drone  
  58  4:08  Overlord  
  59  4:14  Roach Warren  
  59  4:17  Extractor  
  57  4:18  Drone x3  
  60  4:24  Extractor  
  60  4:26  Drone  
  60  4:27  Drone x4  
  64  4:32  Overlord  
  64  4:34  Drone x2  
  64  4:36  Zergling x4  
  68  4:42  Zergling x6  
  71  4:49  Zergling x2  
  71  4:51  Zergling x4  
  73  4:54  Roach  
  75  5:00  Roach x4  
  79  5:17  Zergling x2  
  79  5:18  Zergling x10  
  82  5:23  Overlord  
  82  5:24  Overlord x2  
  82  5:28  Lair  
  78  5:34  Overlord x2  
  78  5:39  Roach  
  80  5:44  Roach x8  
  96  5:52  Ravager x3  
  96  5:53  Zergling x4  
  101  5:58  Zergling x2  
  102  6:04  Zergling x4  
  102  6:10  Zergling x2  
  102  6:11  Zergling x8  
  108  6:12  Ravager x2  
  108  6:18  Zergling x4  
  112  6:21  Zergling x2  
  110  6:31  Zergling x4  
  104  6:33  Zergling x8  
  104  6:36  Ravager x2  
  104  6:37  Ravager, Zergling x8  
  113  6:41  Overseer  
  113  6:42  Zergling x4  
  113  6:43  Zergling x4  
  115  6:48  Zergling x2  
  116  6:56  Zergling x4  
  116  7:01  Ravager x2  
  120  7:02  Zergling x4  
  120  7:06  Overlord x2  
  120  7:07  Overlord  
  121  7:16  Overseer, Hatchery  
  121  7:21  Spore Crawler  
  102  7:22  Drone  
  102  7:23  Drone x6  
  102  7:29  Overseer, Zergling x2  
  98  7:39  Zergling x16  
  100  7:45  Drone x3, Glial Reconstitution  
  100  7:48  Evolution Chamber  
  101  7:52  Drone  
  95  7:59  Drone  
  95  8:00  Drone x2  
  94  8:09  Drone  
  94  8:10  Drone x7  
  99  8:18  Drone x4  
  98  8:21  Extractor  
  98  8:22  Baneling Nest  
  98  8:23  Zerg Missile Weapons Level 1  
  98  8:24  Drone  
  97  8:36  Drone x2  
  97  8:37  Drone x8  
  107  8:42  Spore Crawler  
  107  8:43  Drone x4  
  107  8:44  Spore Crawler  
  107  8:47  Ravager x4  
  113  8:50  Roach x2  
  113  8:53  Roach  
  119  9:01  Overlord  
  129  9:02  Roach x3  
  129  9:03  Roach x2  
  129  9:04  Roach  
  129  9:07  Roach  
  133  9:13  Centrifugal Hooks  
  133  9:19  Spine Crawler  
  132  9:24  Extractor  
  132  9:27  Zergling x12  
  132  9:28  Zergling x14  
  145  9:31  Ravager  
  145  9:32  Ravager x3, Overlord x3  
  145  9:38  Overlord  
  149  9:42  Zergling x6, Overlord x2  
  141  9:46  Zergling x6  
  141  9:53  Zergling x6  
  143  10:02  Zergling x10  
  143  10:03  Zergling x14  
  143  10:05  Ravager x2  
  157  10:11  Overseer  
  157  10:14  Baneling x12  
  157  10:15  Zergling x8  
  157  10:20  Zergling x4  
  163  10:21  Extractor  
  163  10:23  Zergling x2, Spine Crawler  
  163  10:24  Zergling x2  
  163  10:25  Overseer x2  
  162  10:28  Zergling x2  
  162  10:29  Zergling x6  

Tags
 
Add a new tag
Caveats
  • Supply blocks, unpowered buildings, or Contaminate may cause inaccurate times.
  • Supply counts are checked every 10 seconds.